 Dungeon Crawl Stone Soup version 0.23.1-37-gaa34b87 (webtiles) character file.

Game seed: 7099165107931851252

125 Borgoz the Skirmisher (level 5, -3/46 HPs)
             Began as a Ghoul Monk on Mar 21, 2019.
             Killed by divine providence
             ... invoked by an orc priest
              (9 damage)
             ... on level 4 of the Dungeon.
             The game lasted 00:03:43 (2226 turns).

Borgoz the Skirmisher (Ghoul Monk)                  Turns: 2226, Time: 00:03:44

Health: -3/46      AC:  4    Str: 20    XL:     5   Next: 9%
Magic:  4/4        EV: 13    Int: 15    God:
Gold:   115        SH:  0    Dex: 11    Spells: 4/4 levels left

rFire    + . .     SeeInvis .   o - +0 rapier
rCold    + . .     Gourm    .   (no shield)
rNeg     + + +     Faith    .   t - +1 robe {rF+}
rPois    ∞         Spirit   .   (no helmet)
rElec    .         Reflect  .   k - +0 cloak
rCorr    .         Harm     .   (no gloves)
MR       .....                  (no boots)
Stlth    +++.......             m - amulet of magic regeneration
HPRegen  0.00/turn              i - +4 ring of intelligence
MPRegen  0.34/turn              r - ring of stealth

@: mighty, brilliant, rotting, hasted, very quick
A: rotting body, claws 1, carnivore, cold resistance 1, negative energy
resistance 3, inhibited regeneration, torment resistance, unbreathing
a: no special abilities


You were on level 4 of the Dungeon.
You were not hungry.

You visited 1 branch of the dungeon, and saw 4 of its levels.

You collected 115 gold pieces.

Inventory:

Hand Weapons
 o - a +0 rapier (weapon)
Missiles
 a - 8 tomahawks (quivered)
Armour
 k - a +0 cloak (worn)
 t - a +1 robe of fire resistance (worn)
Jewellery
 d - a +1 ring of protection
 i - a +4 ring of intelligence (left claw)
 m - an amulet of magic regeneration (around neck)
 r - a ring of stealth (right claw)
Wands
 p - a wand of flame (14)
Scrolls
 b - a scroll of identify {unknown}
 e - a scroll of magic mapping {unknown}
 n - 2 scrolls of enchant armour {unknown}
 q - a scroll of teleportation {unknown}
 s - 2 scrolls of blinking {unknown}
 u - a scroll of remove curse {unknown}
 v - a scroll of random uselessness {unknown}
 w - a scroll of fog {unknown}
Potions
 h - a potion of might
 j - a potion of brilliance
Comestibles
 c - 6 rations


   Skills:
 + Level 3.8 Fighting
 * Level 3.6 Short Blades
 * Level 1.9 Armour
 + Level 3.0 Dodging
 + Level 3.0 Stealth


You had 4 spell levels left.
You didn't know any spells.
Your spell library was empty.

Dungeon Overview and Level Annotations

Branches:
Dungeon (4/15)
 Temple: D:4-7

Altars:
Trog


Innate Abilities, Weirdness & Mutations

Your body is rotting away.
You thrive on raw meat.
You are immune to poison.
You have sharp fingernails.
You are carnivorous and can eat meat at any time.
Your flesh is cold resistant. (rC+)
You are immune to negative energy. (rN+++)
You do not regenerate when monsters are visible.
You are immune to unholy pain and torment.
You can survive without breathing.


Message History

It was a potion of might.
You feel very mighty all of a sudden. The orc hits you but does no damage.
The orc priest hits you with a +0 club.
* * * LOW HITPOINT WARNING * * *
The orc priest closely misses you.
You feel better. The orc closely misses you. The orc hits you with a +0 flail.
The orc priest mumbles some strange prayers to Beogh against you.
Beogh smites you!
* * * LOW HITPOINT WARNING * * *
You feel better. The orc priest barely misses you.
The orc hits you but does no damage.
You are too injured to fight recklessly!
You are too injured to fight recklessly!
You completely miss the orc priest. The orc priest hits you with a +0 club.
* * * LOW HITPOINT WARNING * * *
The orc hits you with a +0 flail.
* * * LOW HITPOINT WARNING * * *
The orc priest invokes the aid of Beogh against you.
Beogh smites you!
You die...

#...# ..
#...#+###.#.
##+#....[.....
#...........#
##...........#
.....#.......#
#....oo...+
#...@o...#
#..##o####
###.##.#
+......##########
###.##.##.......#
#..#.##.......#
##.#.##.......#
#.#.##.......#
#.#.##...<...#


You could see 2 orc priests and 2 orcs.

Vanquished Creatures
  An orc wizard (D:3)
  2 adders (D:3)
  An ooze (D:3)
  3 dart slugs
  2 leopard geckos
  5 orcs (D:3)
  4 bats
  2 giant cockroaches (D:3)
  10 goblins
  7 hobgoblins
  A jackal (D:2)
  3 frilled lizards
  11 kobolds
  13 rats
65 creatures vanquished.

Notes
Turn   | Place    | Note
-------+----------+-------------------------------------------
     0 | D:1      | Borgoz the Ghoul Monk began the quest for the Orb.
     0 | D:1      | Reached XP level 1. HP: 19/19 MP: 0/0
   141 | D:1      | Reached XP level 2. HP: 24/26 MP: 1/1
   282 | D:1      | Reached skill level 1 in Armour
   297 | D:1      | Reached XP level 3. HP: 31/31 MP: 2/2
   893 | D:2      | Found a bloodstained altar of Trog.
  1370 | D:3      | Reached XP level 4. HP: 38/39 MP: 3/3
  2025 | D:3      | Reached XP level 5. HP: 42/46 MP: 4/4
  2226 | D:4      | Killed from afar by an orc priest

Skill      XL: |  1  2  3  4 |
---------------+-------------+-----
Short Blades   | 3 |  3.6
Armour         | 1 |  1.9
Dodging        | 3 |  3.0
Stealth        | 3 |  3.0
Fighting       | |  3.8

Action                   |  1- 3 |  4- 6 || total
-------------------------+-------+-------++-------
Melee: Short sword       |    69 |       ||    69
       Rapier            |    46 |    79 ||   125
  Use: Potion            |       |     7 ||     7
 Stab: Sleeping          |     7 |     2 ||     9
  Eat: Chunk             |     2 |     7 ||     9
Armor: Robe              |    25 |    19 ||    44
Dodge: Dodged            |    70 |    67 ||   137
